AoeStats
← THE1andoNLY3712

Fortress

510487959Analyzed
1v1 RM · 21h ago on Oct 1, 2026· 47m 55s· 2 players
Game mode
Random Map
Map size
Small (3 player)
Population
200
Speed
Normal
Resources
Standard
Victory
Conquest
Starting age
Dark Age
Ending age
Imperial Age
RankedLock teamsTeams togetherTeam positionsShared explorationLock speedFull tech treeHidden civsTurbo modeCheats
Victory
Defeat
🇦🇺 Berbers · Australia
1273
+14
🇨🇭 Saxons · Switzerland
1220
-14
DonTune
8:23 Feudal Age
12:55 Castle Age
11:04 Scale Mail Armor
11:10 Double-Bit Axe
13:14 Horse Collar
13:31 Gold Mining
14:45 Forging
17:00 Loom
18:04 Stone Mining
21:08 Wheelbarrow
20:18 Town Watch
22:40 Gold Shaft Mining
22:18 Bow Saw
23:29 Hand Cart
24:13 Heavy Plow
25:01 Chain Mail Armor
25:22 Iron Casting
24:13 Pikeman
28:46 Imperial Age
26:57 Fletching
27:21 Masonry
26:52 Treadmill Crane
27:24 Masonry
27:35 Ballistics
27:11 Murder Holes
27:39 Bodkin Arrow
28:47 Squires
30:26 Plate Mail Armor
29:56 Bracer
31:02 Hoardings
29:49 Shield Wall
30:50 Conscription
30:48 Halberdier
33:08 Two-Man Saw
33:12 Elite Hearth Troop
35:02 Architecture
35:34 Chemistry
35:48 Elite Varangian Guard
36:19 Gambesons
39:07 Padded Archer Armor
38:39 Capped Ram
41:16 Crop Rotation
41:59 Siege Engineers
41:29 Siege Ram
46:08 Heavy Scorpion
THE1andoNLY3712
7:42 Feudal Age
11:30 Castle Age
10:05 Double-Bit Axe
12:39 Bow Saw
12:37 Horse Collar
12:54 Horse Collar
13:30 Loom
18:12 Wheelbarrow
18:58 Fletching
19:30 Hand Cart
19:40 Gold Mining
20:44 Husbandry
20:44 Bodkin Arrow
21:28 Heavy Plow
21:50 Bloodlines
21:55 Town Watch
22:33 Padded Archer Armor
22:41 Thumb Ring
23:01 Stone Mining
26:52 Imperial Age
25:04 Town Patrol
26:05 Gold Shaft Mining
26:42 Ballistics
26:34 Fortified Wall
26:36 Masonry
26:34 Kasbah
25:57 Light Cavalry
27:57 Conscription
27:40 Maghrebi Camels
28:48 Bracer
29:04 Leather Archer Armor
29:04 Scale Barding Armor
30:41 Stone Shaft Mining
31:27 Chemistry
31:18 Hoardings
31:21 Hussar
32:43 Ring Archer Armor
32:34 Chain Barding Armor
32:16 Elite Camel Archer
33:57 Forging
36:11 Plate Barding Armor
36:12 Iron Casting
38:55 Blast Furnace
43:33 Siege Engineers
43:21 Guard Tower
43:17 Arrowslits
43:34 Murder Holes
Connection lost

Rejoining the realm…

Still unreachable

The connection could not be restored.

Session expired

The server has moved on; the page needs a fresh start.